AoeStats
← Dangerfyld

Fortress

509162272Analyzed
2v2 RM · 7d ago on Sep 25, 2026· 40m 39s· 4 players
Game mode
Random Map
Map size
Normal (6 player)
Population
200
Speed
Normal
Resources
Standard
Victory
Conquest
Starting age
Dark Age
Ending age
Imperial Age
RankedLock teamsTeams togetherTeam positionsShared explorationLock speedFull tech treeHidden civsTurbo modeCheats
Victory
Defeat
🇦🇹 Cumans · Austria
957
+16
🇦🇹 Persians · Austria
926
+17
🇨🇭 Malians · Switzerland
975
-17
🇺🇸 Georgians · United States
938
-16
Dangerfyld
7:24 Feudal Age
7:48 Double-Bit Axe
10:43 Horse Collar
11:02 Gold Mining
13:27 Castle Age
12:44 Stone Mining
16:50 Loom
20:18 Loom
28:20 Heavy Plow
30:04 Bow Saw
31:03 Stone Shaft Mining
32:32 Gold Shaft Mining
33:17 Padded Archer Armor
33:08 Fletching
35:03 Leather Archer Armor
34:43 Bodkin Arrow
35:56 Wheelbarrow
35:58 Kamandaran
36:17 Crossbowman
38:39 Murder Holes
39:03 Scale Barding Armor
40:28 Ballistics
Auf Chillig
7:57 Feudal Age
8:38 Double-Bit Axe
8:38 Horse Collar
10:23 Wheelbarrow
15:29 Castle Age
16:45 Bow Saw
16:39 Heavy Plow
16:57 Hand Cart
16:29 Loom
16:56 Town Watch
17:59 Gold Mining
18:11 Stone Mining
21:57 Scale Barding Armor
22:03 Forging
25:07 Imperial Age
23:44 Chain Barding Armor
24:16 Bloodlines
24:46 Iron Casting
26:11 Cavalier
28:57 Paladin
30:58 Plate Barding Armor
31:52 Blast Furnace
39:09 Fletching
mju
2:20 Loom
7:52 Feudal Age
12:09 Castle Age
10:31 Scale Mail Armor
10:49 Gold Mining
12:05 Forging
12:03 Double-Bit Axe
12:23 Arson
12:31 Arson
21:33 Wheelbarrow
24:50 Hand Cart
27:10 Iron Casting
26:50 Chain Mail Armor
26:49 Tigui
27:26 Scale Barding Armor
27:16 Pikeman
28:01 Squires
27:51 Pikeman
34:09 Bow Saw
34:19 Light Cavalry
35:11 Bloodlines
35:02 Husbandry
Spar27
5:52 Feudal Age
6:38 Double-Bit Axe
9:35 Loom
12:27 Castle Age
10:55 Gold Mining
10:38 Man-at-Arms
16:30 Scale Barding Armor
18:31 Bloodlines
24:55 Forging
27:23 Man-at-Arms
27:49 Gambesons
28:06 Squires
31:43 Chain Barding Armor
32:18 Long Swordsman
39:23 Imperial Age
Connection lost

Rejoining the realm…

Still unreachable

The connection could not be restored.

Session expired

The server has moved on; the page needs a fresh start.